 Dungeon Crawl Stone Soup version 0.31.0-9-g3a7656b989 (webtiles) character file.

Game seed: 809598953397960279

97 qw the Shooter (level 4, -1/36 HPs)
             Began as a Demigod Hunter on Feb 2, 2024.
             Incinerated by a bombardier beetle (6 damage)
             ... with a burning spray
             ... on level 3 of the Dungeon.
             The game lasted 00:00:06 (2112 turns).

qw the Shooter (Demigod Hunter)                     Turns: 2112, Time: 00:00:07

Health: -1/36      AC:  6    Str: 12    XL:     4   Next: 19%
Magic:  6/6        EV: 12    Int: 11    God:
Gold:   138        SH:  0    Dex: 21    Spells: 3/3 levels left

rFire   . . .        a - +0 shortbow
rCold   . . .        (shield currently unavailable)
rNeg    . . .        c - +0 leather armour
rPois   .            (no helmet)
rElec   .            (no cloak)
rCorr   .            e - +2 pair of gloves
SInv    .            (no boots)
Will    .....        (no amulet)
Stlth   +            (no ring)
HPRegen 0.26/turn    (no ring)
MPRegen 0.10/turn

%: no passive effects
@: on fire, glowing
A: high MP 1, forlorn, divine attributes
a: no special abilities


You were on level 3 of the Dungeon.
You visited 1 branch of the dungeon, and saw 3 of its levels.

You collected 138 gold pieces.


Innate Abilities, Weirdness & Mutations

You have an increased reservoir of magic. (+10% MP)
You shall have no god before yourself.
Your divine heritage dramatically boosts your attributes as you level up.


   Skills:
 - Level 2.0 Fighting
 + Level 5.2 Ranged Weapons
 - Level 2.0 Dodging
 - Level 0.8 Stealth


You had 3 spell levels left.
You didn't know any spells.
Your spell library was empty.

Inventory:

Hand Weapons
 a - a +0 shortbow (weapon)
Armour
 c - a +0 leather armour (worn)
 e - a +2 pair of gloves (worn)
 i - a +0 ring mail
Jewellery
 f - a ring of wizardry
 h - a ring of ice
Wands
 j - a wand of roots (13)
Scrolls
 b - a scroll of revelation {unknown}
 g - 2 scrolls of identify
Potions
 d - a potion of curing {unknown}

Dungeon Overview and Level Annotations

Branches:
Dungeon (3/15)


Message History

There is a stone staircase leading down here.
You now have 138 gold pieces (gained 12).
Found an escape hatch in the ceiling.
Enter note:
Enter note:
There is an escape hatch in the ceiling here.
j - a wand of roots (13)
You see here a staff of earth.
You open the door.
A centaur, a ribbon worm, an endoplasm, a kobold brigand and a bombardier beetle come into view.
The kobold brigand is wielding a +0 dagger and quivering curare-tipped darts.
You shoot an arrow.
The arrow hits the bombardier beetle but does no damage.
The bombardier beetle sprays incendiary fluid at you.
The burning spray hits you.
You are covered in liquid fire!
You shoot an arrow. The arrow hits the ribbon worm.
The ribbon worm is lightly wounded.
The liquid fire burns you!
The centaur shouts!
The kobold brigand shouts!
You shoot an arrow.
The arrow hits the ribbon worm but does no damage.
The ribbon worm is lightly wounded.
The liquid fire burns you!
You shoot an arrow. The arrow hits the ribbon worm!
The ribbon worm is moderately wounded.
The liquid fire burns you! The ribbon worm bites you.
You shoot an arrow. The arrow hits the ribbon worm.
The ribbon worm is severely wounded.
The liquid fire burns you! The ribbon worm bites you.
You shoot an arrow. The arrow hits the ribbon worm!
You kill the ribbon worm!
The liquid fire burns you!
The centaur wields a +0 orcbow.
The centaur shoots an arrow.
The arrow hits you.
You shoot an arrow. The arrow hits the endoplasm.
The endoplasm is lightly wounded.
The liquid fire burns you!
You die...

#..#%#..##.## #.#.#
###.##.##.##.# #.#.#
######...#...#..#.# #.#.#
........#######.#.# ###.#.#
#######.#...).#.#.# #...#.#
#..'.%...#...# #.###.#
#.#########..#########.###.#
######.#
.....c#........%.......#
.......#
....KBJ@.##........#####
######.#
......#.###.########
#.#########.# #.#
#..'..)..#..# #.#
##.#....)#.####.#
#######.#######......#
.........#.(.#...#####
######.#.##%##.###
#.#..#)#..#


You could see a kobold brigand, a centaur, a bombardier beetle and an endoplasm.

Vanquished Creatures
  3 adders
  2 dart slugs
  A ribbon worm (D:3)
  An orc (D:3)
  8 endoplasms
  5 giant cockroaches
  7 goblins
  3 hobgoblins
  4 jackals (D:1)
  4 quokkas
  4 ball pythons
  5 bats
  3 frilled lizards
  2 kobolds (D:3)
  6 rats
58 creatures vanquished.

Notes
Turn   | Place    | Note
-------+----------+-------------------------------------------
     0 | D:1      | qw the Demigod Hunter began the quest for the Orb.
     0 | D:1      | Reached XP level 1. HP: 17/17 MP: 3/3
     0 | D:1      | 0 ||| qw: Version: 0.3-a-155-g5e7d8dd
     0 | D:1      | 0 ||| qw: Game counter: 254
     0 | D:1      | 0 ||| qw: Melee chars always use a shield: true
     0 | D:1      | 0 ||| qw: God list: Okawaru
     0 | D:1      | 0 ||| qw: Allow faded altars: false
     0 | D:1      | 0 ||| qw: Do Orc after clearing Dungeon:15 true
     0 | D:1      | 0 ||| qw: Do second Lair branch before Depths: true
     0 | D:1      | 0 ||| qw: Lair rune preference: random
     0 | D:1      | 0 ||| qw: Goals: Normal
     0 | D:1      | 0 ||| PLANNING D:1-11
    90 | D:1      | Reached skill level 4 in Ranged Weapons
    94 | D:1      | Reached XP level 2. HP: 14/24 MP: 4/4
   733 | D:1      | 733 ||| UPGRADING to +0 pair of gloves.
   738 | D:1      | 738 ||| READING scroll labelled HULEOSSYUMN.
   738 | D:1      | 738 ||| IDENTIFYING bubbling ruby potion
   739 | D:1      | 739 ||| READING scroll labelled UNGURUNEHU.
   744 | D:1      | 744 ||| READING scroll labelled HERGHI LOGAX.
   745 | D:1      | 745 ||| DROPPING scroll of butterflies.
   746 | D:1      | 746 ||| DROPPING potion of invisibility.
   940 | D:2      | Reached XP level 3. HP: 10/29 MP: 5/5
  1418 | D:2      | 1418 ||| READING scroll labelled FAECWAONUO.
  1419 | D:2      | 1419 ||| READING scroll labelled MAYHUW OTAUGH.
  1419 | D:2      | 1419 ||| ENCHANTING +0 pair of gloves.
  1818 | D:3      | Reached skill level 5 in Ranged Weapons
  1824 | D:3      | Reached XP level 4. HP: 35/36 MP: 6/6
  1915 | D:3      | 1915 ||| READING scroll of enchant armour.
  1915 | D:3      | 1915 ||| ENCHANTING +1 pair of gloves.
  2105 | D:3      | Noticed a centaur
  2105 | D:3      | Noticed a kobold brigand
  2111 | D:3      | HP: 5/36 [centaur/arrow (5)]
  2112 | D:3      | Incinerated by a bombardier beetle

Levels and vault maps discovered:
D:1:      minmay_arrival_split_and_join, layout_basic, glass_columns_c
D:2:      layout_basic, basic_altar
D:3:      layout_loops_ring, mainiacjoe_overflow_boulevard,
          minmay_misc_feat_rugged, minmay_divided_ellipse

Skill      XL: |  1  2  3 |
---------------+----------+-----
Ranged Weapons | 4 5 |  5.2
Fighting       | 2 |  2.0
Dodging        | 2 |  2.0
Stealth        | |  0.8

Action                     |  1- 3 |  4- 6 || total
---------------------------+-------+-------++-------
   Fire: Shortbow          |   149 |    28 ||   177
    Use: Scroll            |     5 |     1 ||     6
 Armour: Leather armour    |    44 |     6 ||    50
  Dodge: Dodged            |    61 |     3 ||    64

Table legend:
 A = Non-vault XP
 B = Vault XP
 C = Vault XP percentage of total XP
 D = Non-vault monster count
 E = Vault monster count
 F = Vault count percentage of total count
                 A         B        C        D         E       F
            +---------+---------+-------+---------+---------+-------
      Total |     120 |      19 |  13.7 |      49 |       9 |  15.5
            +---------+---------+-------+---------+---------+-------
        D:1 |      37 |       0 |   0.0 |      20 |       0 |   0.0
        D:2 |      36 |       0 |   0.0 |      13 |       0 |   0.0
        D:3 |      47 |      19 |  28.8 |      16 |       9 |  36.0
            +---------+---------+-------+---------+---------+-------
